 Dungeon Crawl Stone Soup version 0.19-a0-1730-g4c49b04 (webtiles) character file.

371 ASCIIPhilia the Ducker (level 6, -1/62 HPs)
             Began as a Troll Chaos Knight on Oct 13, 2016.
             Slain by a wight
             ... wielding a +3 long sword
              (9 damage)
             ... on level 5 of the Dungeon.
             The game lasted 00:02:47 (1206 turns).

ASCIIPhilia the Ducker (Troll Chaos Knight)         Turns: 1206, Time: 00:02:48

Health: -1/62      AC:  7    Str: 21    XL:     6   Next: 42%
Magic:  5/5        EV: 10    Int: 10    God:
Gold:   180        SH:  0    Dex:  9    Spells: 0 memorised, 5 levels left

rFire  . . .     SeeInvis .     b - +0 dagger (venom)
rCold  . . .     Gourm    .     a - +2 robe
rNeg   . . .     Faith    .     (no shield)
rPois  .         Spirit   .     (helmet restricted)
rElec  .         Dismiss  .     (no cloak)
rCorr  .         Reflect  .     (gloves unavailable)
MR     .....     Harm     .     (boots unavailable)
Stlth  +.........               (no amulet)
                                (no ring)
                                (no ring)

@: drained
A: unfitting armour, claws 3, regeneration 1, shaggy fur 1, tough skin 2
a: no special abilities


You were on level 5 of the Dungeon.
You were not hungry.

You visited 1 branch of the dungeon, and saw 5 of its levels.

You collected 180 gold pieces.

Inventory:

Hand Weapons
 b - a +0 dagger of venom (weapon)
Armour
 a - a +2 robe (worn)
Jewellery
 o - an uncursed ring of ice {unknown}
Scrolls
 c - a scroll of enchant armour {unknown}
 d - a scroll of fog {unknown}
 e - 2 scrolls of magic mapping {unknown}
 g - a scroll of recharging {unknown}
 i - a scroll of remove curse {unknown}
 j - a scroll of amnesia {unknown}
 k - a scroll of teleportation {unknown}
 l - a scroll of identify {unknown}
 m - 2 scrolls of blinking {unknown}
 n - a scroll of noise {unknown}
 p - a scroll of fear {unknown}
Potions
 f - a potion of berserk rage {unknown}
 h - a potion of cure mutation {unknown}
 q - a potion of resistance {unknown}
 r - a potion of mutation {unknown}
 s - 2 potions of ambrosia {unknown}


   Skills:
 + Level 3.8(2.7) Fighting
 + Level 1.8(0.7) Short Blades
 + Level 4.0(2.9) Dodging
 + Level 0.1(0.0) Stealth
 + Level 3.7(2.5) Unarmed Combat


You had 5 spell levels left.
You didn't know any spells.

Dungeon Overview and Level Annotations

Branches:
Dungeon (5/15)
 Temple: D:3-6         Lair: D:-1         Crypt: Vaults:-1     Tomb: Vaults:-1

Altars:
Cheibriados
Kikubaaqudgha
Qazlal

Annotations:
D:5 1 runed door, Blork the orc


Innate Abilities, Weirdness & Mutations

You are too large for most types of armour.
You have claws for hands.
Your natural rate of healing is unusually fast.
You are covered in fur. (AC +1)
You have very tough skin. (AC +2)


Message History

Blork the orc drinks a potion.
Blork the orc seems to grow stronger.
The wight hits you but does no damage. The ice beast barely misses you.
Blork the orc hits you with a scimitar.
Unknown command.
You hit Blork the orc.
Blork the orc is poisoned.
Blork the orc is lightly wounded.
The ice beast closely misses you. Blork the orc hits you with a scimitar!
* * * LOW HITPOINT WARNING * * *
The wight hits you with an enchanted long sword.
* * * LOW HITPOINT WARNING * * *
Unknown command.
You hit Blork the orc.
Blork the orc looks as sick as possible!
Blork the orc is lightly wounded.
Blork the orc hits you with a scimitar.
* * * LOW HITPOINT WARNING * * *
The ice beast misses you.
The wight hits you with an enchanted long sword!
You die...
Xom laughs nastily!

.. #.. ...
#.. ...# #..#
..<.# #..#
...###..#
#..._.#
#....#
#.oz.##
#.@...#####
#.Y###....###
#...#
####...#
#...# ##..#
#...# ##.#
###.. #.# ##.
#.# # #.##
#..# #


You could see Blork the orc, an ice beast and a wight.

Vanquished Creatures
  A centaur (D:5)
  A water moccasin zombie (D:5)
  A hound (D:4)
  An iguana (D:5)
  3 worker ants (D:4)
  7 adders
  4 orcs (D:4)
  3 bats
  3 giant cockroaches
  2 goblins (D:1)
  4 hobgoblins
  6 jackals
  A quokka (D:4)
  3 frilled lizards
  3 kobolds
  5 rats
48 creatures vanquished.

Notes
Turn   | Place    | Note
-------+----------+-------------------------------------------
     0 | D:1      | ASCIIPhilia the Troll Chaos Knight began the quest for the Orb.
     0 | D:1      | Reached XP level 1. HP: 22/22 MP: 0/0
    10 | D:1      | XOM: harmless Air miscast
    15 | D:1      | Fell from the grace of Xom
   315 | D:1      | XOM: torment (12/22 hp)
   330 | D:1      | Reached skill level 2 in Dodging
   330 | D:1      | Reached XP level 2. HP: 25/29 MP: 1/1
   340 | D:1      | You fall through a shaft!
   395 | D:2      | Found a snail-covered altar of Cheibriados.
   472 | D:2      | Reached XP level 3. HP: 37/37 MP: 2/2
   511 | D:2      | XOM: 1-stop teleportation journey
   683 | D:3      | Reached XP level 4. HP: 31/45 MP: 3/3
   769 | D:4      | Found an ancient bone altar of Kikubaaqudgha.
   793 | D:4      | Reached skill level 1 in Short Blades
   840 | D:4      | Reached XP level 5. HP: 53/53 MP: 4/4
   873 | D:4      | Reached skill level 3 in Dodging
   994 | D:5      | Entered Level 5 of the Dungeon
  1063 | D:5      | Reached XP level 6. HP: 33/62 MP: 5/5
  1080 | D:5      | Found a runed door.
  1163 | D:5      | Reached skill level 4 in Dodging
  1170 | D:5      | XOM: draining
  1189 | D:5      | Found a stormy altar of Qazlal.
  1190 | D:5      | Noticed Blork the orc
  1190 | D:5      | Noticed an ice beast
  1206 | D:5      | Slain by a wight

Vault maps used:
D:1:      minmay_arrival_stair_chambers
D:2:      overflow_temple_1_default
D:3:      good_gods_temple_1
D:4:      lemuel_crystal_altar, minmay_crossroads
D:5:      overflow_temple_1_default, brannock_xom_greatest_gift, serial_shops,
          nicolae_shop_crystal, first_bread, sword_in_stone, uniq_eustachio,
          uniq_crazy_yiuf_cottage, uniq_pikel

Skill      XL: |  1  2  3  4  5  6 |
---------------+-------------------+-----
Dodging        | 2 3 4 |  4.0
Fighting       | 3 |  3.8
Short Blades   | 1 |  1.8
Stealth        | |  0.1
Unarmed Combat | |  3.7

Action                   |  1- 3 |  4- 6 || total
-------------------------+-------+-------++-------
Melee: Dagger            |   109 |   151 ||   260
       Unarmed           |     4 |       ||     4
       Punch             |       |     4 ||     4
Invok: Renounce Religion |     1 |       ||     1
Armor: Robe              |    58 |    63 ||   121
Dodge: Dodged            |    77 |   115 ||   192
